[Event "Meltwater Champions Chess Tour 2022: Chessable Masters | Prelims"]
[White "Hansen, Eric"]
[Black "Mishra, Abhimanyu"]
[WhiteFideId "2606771"]
[BlackFideId "30920019"]
[WhiteElo "2579"]
[BlackElo "2524"]
[Result "0-1"]
[Round "03"]
[TimeControl "900+10"]
[Date "2022.05.19"]
[WhiteClock "0:00:47"]
[BlackClock "0:00:28"]

1. e4 c5 2. Nf3 d6 3. Bb5+ Nd7 4. c3 Nf6 5. Qe2 a6 6. Ba4 b5 7. Bc2 Bb7 8. O-O g6 9. d4 Bg7 10. Rd1 cxd4 11. cxd4 O-O 12. Nc3 Qc7 13. Bd3 Nb6 14. a3 Rac8 15. h3 Nc4 16. Qe1 Rfe8 17. a4 b4 18. Nb1 e5 19. dxe5 dxe5 20. Nbd2 Nd6 21. Qe2 a5 22. b3 Nd7 23. Bb2 Nc5 24. Rac1 Qe7 25. Bb5 Red8 26. Qe3 Nxb5 27. axb5 Rd3 28. Qe2 Rcd8 29. Nc4 Rxd1+ 30. Rxd1 Nxb3 31. Nfxe5 a4 32. Nc6 Bxc6 33. bxc6 a3 34. Rxd8+ Qxd8 35. Nxa3 bxa3 36. Bxa3 Nd4 37. Qa6 Be5 38. g3 h5 39. Bc5 Ne6 40. Be3 Qd1+ 41. Kg2 Qc2 42. Qc8+ Kg7 43. Qd7 Qxe4+ 44. Kf1 Bxg3 45. Bb6 Be5 46. Be3 Qh1+ 47. Ke2 Qxh3 48. Qd5 Qf5 49. Qc4 Qg4+ 0-1


[Site "http://www.chessbomb.com"]

[Event "Meltwater Champions Chess Tour 2022: Chessable Masters | Prelims"]
[White "Mamedyarov, Shakhriyar"]
[Black "Van Foreest, Jorden"]
[WhiteFideId "13401319"]
[BlackFideId "1039784"]
[WhiteElo "2699"]
[BlackElo "2645"]
[Result "1/2-1/2"]
[Round "03"]
[TimeControl "900+10"]
[Date "2022.05.19"]
[WhiteClock "0:07:43"]
[BlackClock "0:15:51"]

1. d4 d5 2. c4 e6 3. Nf3 c5 4. cxd5 exd5 5. Bg5 Nf6 6. Nc3 Be6 7. g3 Nc6 8. Bg2 h6 9. Bxf6 Qxf6 10. O-O O-O-O 11. Rc1 Kb8 12. dxc5 Bxc5 13. Na4 Bd6 14. Qd2 Rc8 15. Nc5 Bxc5 16. Rxc5 Ne5 17. Rxc8+ Rxc8 18. b3 Nxf3+ 19. Bxf3 Qc3 20. Qf4+ Qc7 21. Qa4 Qc6 22. Qa3 Qc5 23. Qb2 Qc3 24. Qa3 Qc5 25. Qa4 Qc6 26. Qf4+ Qc7 27. Qd4 Qc3 28. Qf4+ Qc7 1/2-1/2


[Site "http://www.chessbomb.com"]

[Event "Meltwater Champions Chess Tour 2022: Chessable Masters | Prelims"]
[White "Carlsen, Magnus"]
[Black "Van Foreest, Jorden"]
[WhiteFideId "1503014"]
[BlackFideId "1039784"]
[WhiteElo "2847"]
[BlackElo "2645"]
[Result "1-0"]
[Round "04"]
[TimeControl "900+10"]
[Date "2022.05.19"]
[WhiteClock "0:11:15"]
[BlackClock "0:01:50"]

1. d4 d5 2. c4 e6 3. Nc3 c5 4. cxd5 exd5 5. Nf3 Nf6 6. Bg5 Be6 7. dxc5 Bxc5 8. e3 Nc6 9. Bb5 h6 10. Bxf6 Qxf6 11. Nxd5 Qxb2 12. Nc7+ Ke7 13. O-O Rad8 14. Qc1 Qxc1 15. Raxc1 Kd6 16. Nxe6 fxe6 17. Rfd1+ Kc7 18. Rxd8 Rxd8 19. Rxc5 Kb6 20. Rxc6+ bxc6 21. Ba4 c5 22. Ne5 Kc7 23. Kf1 Rd2 24. Bb3 Rb2 25. h4 Rb1+ 26. Ke2 Kd6 27. f4 Rb2+ 28. Kf3 Rb1 29. g4 Rc1 30. g5 Ke7 31. Kg4 Re1 32. Kh5 Rxe3 33. Kg6 hxg5 34. hxg5 Kf8 35. Nd7+ Ke7 36. Nxc5 e5 37. f5 Kd6 38. Ne6 e4 39. Kxg7 Rf3 40. f6 e3 41. Nd4 1-0


[Site "http://www.chessbomb.com"]

[Event "Meltwater Champions Chess Tour 2022: Chessable Masters | Prelims"]
[White "Mishra, Abhimanyu"]
[Black "Mamedyarov, Shakhriyar"]
[WhiteFideId "30920019"]
[BlackFideId "13401319"]
[WhiteElo "2524"]
[BlackElo "2699"]
[Result "1-0"]
[Round "04"]
[TimeControl "900+10"]
[Date "2022.05.19"]
[WhiteClock "0:00:32"]
[BlackClock "0:03:04"]

1. e4 e5 2. Nf3 Nc6 3. Bc4 Bc5 4. c3 Nf6 5. d3 O-O 6. O-O d5 7. exd5 Nxd5 8. a4 a5 9. Nbd2 Kh8 10. Re1 f6 11. d4 Ba7 12. dxe5 Nxe5 13. Nxe5 fxe5 14. Ne4 Be6 15. Bg5 Qd7 16. Bh4 h6 17. Bg3 Qf7 18. Qb3 c6 19. Kh1 Rad8 20. Bxe5 Bh3 21. Bg3 Bxg2+ 22. Kxg2 Qf3+ 23. Kg1 Ne3 24. Rxe3 Bxe3 25. Re1 Qxe4 26. Rxe3 Qb1+ 27. Kg2 Rd1 28. Be2 Rg1+ 29. Kh3 Qf5+ 30. Bg4 Qg5 31. Qe6 h5 32. Be2 Rf5 33. Qe4 Rf8 34. Bd3 Qh6 35. Qe7 Rg8 36. Qf7 Qg5 37. Qf5 Qxf5+ 38. Bxf5 Rf8 39. Bg6 b5 40. axb5 cxb5 41. Re5 Rf6 42. Re8+ 1-0


[Site "http://www.chessbomb.com"]

[Event "Meltwater Champions Chess Tour 2022: Chessable Masters | Prelims"]
[White "Shankland, Sam"]
[Black "Hansen, Eric"]
[WhiteFideId "2004887"]
[BlackFideId "2606771"]
[WhiteElo "2616"]
[BlackElo "2579"]
[Result "1-0"]
[Round "04"]
[TimeControl "900+10"]
[Date "2022.05.19"]
[WhiteClock "0:08:19"]
[BlackClock "0:00:23"]

1. c4 Nf6 2. Nc3 d5 3. cxd5 Nxd5 4. g3 Nxc3 5. bxc3 e5 6. Bg2 Bd6 7. Nf3 Nc6 8. O-O O-O 9. d3 Bd7 10. a4 Re8 11. Nd2 Na5 12. Nb3 Nxb3 13. Qxb3 Rb8 14. a5 b6 15. axb6 axb6 16. Ra7 Be6 17. Qb5 Bd7 18. Qa6 h5 19. h4 Bg4 20. Re1 Qf6 21. Bg5 Qg6 22. Qb5 f6 23. Bc1 Bf5 24. Ba3 Bxa3 25. Qb3+ Qf7 26. Qxf7+ Kxf7 27. Rxa3 e4 28. dxe4 Bxe4 29. Ra7 Bxg2 30. Rxc7+ Re7 31. Rxe7+ Kxe7 32. Kxg2 Rc8 33. Rb1 Rxc3 34. Rxb6 Kf7 35. Rd6 Rb3 36. Rd3 Rb4 37. Kf3 Ke6 38. Ra3 Rb5 39. Ra7 g6 40. Rg7 g5 41. hxg5 fxg5 42. Rh7 g4+ 43. Kg2 Kf6 44. f4 gxf3+ 45. exf3 Rb2+ 46. Kh3 Kg6 47. Ra7 Rb1 48. Ra6+ Kf5 49. f4 Rh1+ 50. Kg2 Rb1 51. Rh6 Rb2+ 52. Kh3 Ke4 53. Rxh5 Kf3 54. Ra5 1-0


[Site "http://www.chessbomb.com"]

[Event "Meltwater Champions Chess Tour 2022: Chessable Masters | Prelims"]
[White "Vidit, Santosh Gujrathi"]
[Black "Ding, Liren"]
[WhiteFideId "5029465"]
[BlackFideId "8603677"]
[WhiteElo "2617"]
[BlackElo "2836"]
[Result "1/2-1/2"]
[Round "04"]
[TimeControl "900+10"]
[Date "2022.05.19"]
[WhiteClock "0:01:56"]
[BlackClock "0:03:18"]

1. d4 Nf6 2. c4 e6 3. Nc3 Bb4 4. Qc2 O-O 5. e4 d5 6. e5 Ne4 7. Bd3 c5 8. Ne2 cxd4 9. Nxd4 Nd7 10. Bf4 Qh4 11. g3 Qh5 12. O-O Bxc3 13. bxc3 g5 14. cxd5 exd5 15. Be3 Nxe5 16. f3 Nc5 17. Bf5 Ne6 18. Rae1 Nxd4 19. Bxd4 Nc6 20. Bf6 Qh6 21. Bxc8 Raxc8 22. Qf5 Qg6 23. Qxg5 Qxg5 24. Bxg5 f6 25. Bf4 Rfd8 26. Rf2 Kf7 27. Rd2 d4 28. cxd4 Rxd4 29. Rb1 b6 30. Rc2 Rdd8 31. Rbc1 Ne7 32. Rc7 a6 33. Kf2 h5 34. Rb7 Ke8 35. Re1 Rc2+ 36. Kg1 Rd7 37. Rxb6 Kf7 38. Rxa6 Rb7 39. Be3 Nf5 40. Ra7 Rxa7 41. Bxa7 Rxa2 42. Bf2 Nd6 43. Rc1 Kg6 44. Rc6 Nf5 45. h3 Ra1+ 46. Kg2 Ra2 47. Re6 Nd4 48. Re4 Nf5 49. g4 hxg4 50. hxg4 Ng7 51. Rc4 Ne6 52. Kg3 Ra3 53. Kg2 Ra2 54. Re4 Ng5 55. Re3 f5 56. gxf5+ Kxf5 57. Rb3 Nh3 58. Kxh3 Rxf2 59. Kg3 Ra2 60. Rb5+ Kf6 61. f4 Ra1 62. Kg4 Rg1+ 63. Kf3 Rf1+ 64. Kg4 Rg1+ 65. Kf3 Rf1+ 66. Kg4 Rg1+ 1/2-1/2


[Site "http://www.chessbomb.com"]

[Event "Meltwater Champions Chess Tour 2022: Chessable Masters | Prelims"]
[White "Wei, Yi"]
[Black "Anton Guijarro, David"]
[WhiteFideId "8603405"]
[BlackFideId "2285525"]
[WhiteElo "2752"]
[BlackElo "2633"]
[Result "1-0"]
[Round "04"]
[TimeControl "900+10"]
[Date "2022.05.19"]
[WhiteClock "0:00:33"]
[BlackClock "0:00:11"]

1. d4 d5 2. c4 e6 3. Nf3 dxc4 4. Qa4+ Nd7 5. e4 a6 6. Bxc4 Rb8 7. Qc2 b5 8. Bd3 c5 9. Bf4 Rb6 10. O-O Ngf6 11. a4 c4 12. Be2 Bb7 13. Nc3 Bb4 14. a5 Rc6 15. d5 exd5 16. e5 Bxc3 17. bxc3 Ne4 18. Nd4 Rg6 19. f3 Nec5 20. Bg3 O-O 21. f4 Ne4 22. Bf3 f5 23. exf6 Qxf6 24. f5 Rxg3 25. hxg3 Ndc5 26. Ne6 Re8 27. Nxc5 Nxc5 28. Rae1 Rd8 29. Qd2 Ne4 30. Qe3 h6 31. Qa7 Qc6 32. Bxe4 dxe4 33. Rf4 Qd7 34. f6 Bd5 35. Qxa6 Re8 36. Rd1 Qc6 37. f7+ 1-0


[Site "http://www.chessbomb.com"]

[Event "Meltwater Champions Chess Tour 2022: Chessable Masters | Prelims"]
[White "Giri, Anish"]
[Black "Jones, Gawain C B"]
[WhiteFideId "24116068"]
[BlackFideId "409561"]
[WhiteElo "2730"]
[BlackElo "2630"]
[Result "1-0"]
[Round "04"]
[TimeControl "900+10"]
[Date "2022.05.19"]
[WhiteClock "0:00:38"]
[BlackClock "0:00:26"]

1. Nf3 Nf6 2. c4 g6 3. Nc3 Bg7 4. e4 e5 5. Nxe5 O-O 6. Nf3 Re8 7. Bd3 Nxe4 8. Bxe4 Bxc3 9. dxc3 Rxe4+ 10. Be3 Nc6 11. O-O d6 12. Qd5 Qe8 13. h3 Bf5 14. Rfe1 Re6 15. Ng5 Re7 16. b3 a6 17. g4 Bd7 18. Bd2 Ne5 19. f4 Bc6 20. Qd4 h6 21. fxe5 dxe5 22. Qf2 e4 23. Rad1 hxg5 24. Bxg5 e3 25. Rxe3 Rxe3 26. Qxe3 f6 27. Qxe8+ Rxe8 28. Bxf6 Re2 29. Rd8+ Kf7 30. Bd4 Re8 31. Rxe8 Kxe8 32. Be5 Kd7 33. Kf2 Be4 34. a3 c5 35. Ke3 Bc2 36. b4 Bb3 37. Kd3 Kc6 38. Bf6 Ba2 39. Be7 Bb1+ 40. Ke3 Ba2 41. Bxc5 Bxc4 42. h4 Kd7 43. h5 gxh5 44. gxh5 Bf7 45. h6 Bg6 46. a4 Ke6 47. Kd4 Bc2 48. a5 Bh7 49. c4 Bb1 50. Bf8 Bh7 51. Kc5 Kd7 52. Kb6 Kc8 53. Bd6 Bd3 54. Bg3 Be4 55. b5 axb5 56. cxb5 Kd7 57. a6 bxa6 58. Kxa6 Ke6 59. b6 Kf7 60. b7 1-0


[Site "http://www.chessbomb.com"]

[Event "Meltwater Champions Chess Tour 2022: Chessable Masters | Prelims"]
[White "Tari, Aryan"]
[Black "Harikrishna, Pentala"]
[WhiteFideId "1510045"]
[BlackFideId "5007003"]
[WhiteElo "2531"]
[BlackElo "2624"]
[Result "0-1"]
[Round "04"]
[TimeControl "900+10"]
[Date "2022.05.19"]
[WhiteClock "0:00:16"]
[BlackClock "0:02:03"]

1. e4 e5 2. Nf3 Nc6 3. d4 exd4 4. Nxd4 Nf6 5. Nxc6 bxc6 6. e5 Qe7 7. Qe2 Nd5 8. h4 Qe6 9. Nd2 d6 10. exd6 cxd6 11. Nf3 Be7 12. Nd4 Qxe2+ 13. Bxe2 Bd7 14. Bg5 h6 15. Bxe7 Nxe7 16. O-O-O O-O-O 17. Bf3 Kc7 18. h5 Rhe8 19. Rd3 a5 20. Rhd1 d5 21. Ra3 Ra8 22. c4 dxc4 23. Rc3 Nf5 24. Nxf5 Bxf5 25. Rxc4 Ra6 26. b3 Re5 27. Kb2 Be6 28. Ra4 Rb6 29. Rc1 Kd6 30. Rc2 Kc7 31. Ka3 Reb5 32. Rc3 Re5 33. Rd4 c5 34. Ra4 c4 35. Bg4 f5 36. f4 Rc5 37. Be2 Kd6 38. Bxc4 Bd7 39. b4 axb4+ 40. Rxb4 Ra5+ 41. Kb3 Ba4+ 42. Ka3 Bd1+ 0-1


[Site "http://www.chessbomb.com"]

[Event "Meltwater Champions Chess Tour 2022: Chessable Masters | Prelims"]
[White "Grandelius, Nils"]
[Black "Praggnanandhaa, R"]
[WhiteFideId "1710400"]
[BlackFideId "25059530"]
[WhiteElo "2652"]
[BlackElo "1927"]
[Result "1/2-1/2"]
[Round "04"]
[TimeControl "900+10"]
[Date "2022.05.19"]
[WhiteClock "0:03:49"]
[BlackClock "0:06:19"]

1. e4 c5 2. c3 d5 3. exd5 Qxd5 4. d4 Nf6 5. Nf3 Nc6 6. Na3 e6 7. Nb5 Qd8 8. dxc5 Bxc5 9. Qxd8+ Kxd8 10. Bf4 a6 11. Nd6 Ke7 12. Nxc8+ Raxc8 13. Bd3 Rhd8 14. Rd1 h6 15. Ke2 Rd5 16. Bc2 Rcd8 17. Rxd5 Rxd5 18. Rd1 Rxd1 19. Bxd1 Ne4 20. Bg3 f5 21. Bc2 Nxg3+ 22. hxg3 g5 23. b4 Bd6 24. a3 a5 25. Ba4 Ne5 26. Nxe5 Bxe5 27. Kd3 g4 28. Bb5 b6 29. Bc4 Kd6 30. Bb5 Bf6 31. Ba6 Bg5 32. bxa5 bxa5 33. a4 Bc1 34. Bb5 Ba3 35. Bc4 Bc5 36. Ke2 Ke5 37. Bb3 Kf6 38. Bc4 e5 39. Ba6 Bb6 40. Bc8 Bc5 41. Bd7 Bb6 42. Bc8 Bc5 43. Bd7 Bb6 44. Bc8 1/2-1/2


[Site "http://www.chessbomb.com"]

[Event "Meltwater Champions Chess Tour 2022: Chessable Masters | Prelims"]
[White "Praggnanandhaa, R"]
[Black "Carlsen, Magnus"]
[WhiteFideId "25059530"]
[BlackFideId "1503014"]
[WhiteElo "1927"]
[BlackElo "2847"]
[Result "1-0"]
[Round "05"]
[TimeControl "900+10"]
[Date "2022.05.20"]
[WhiteClock "0:00:32"]
[BlackClock "0:00:17"]

1. e4 e5 2. Nf3 Nc6 3. Bb5 a6 4. Ba4 Nf6 5. d3 Bc5 6. c3 b5 7. Bb3 d6 8. Bg5 h6 9. Bh4 Bb6 10. a4 Rb8 11. axb5 axb5 12. Na3 g5 13. Bg3 Na5 14. Bc2 b4 15. cxb4 Nc6 16. Ba4 Bd7 17. Nc4 Nxb4 18. Bxd7+ Nxd7 19. O-O O-O 20. Nxb6 Rxb6 21. d4 Nc6 22. Rc1 Nxd4 23. Nxd4 exd4 24. Qxd4 Nc5 25. Rcd1 Ne6 26. Qc3 f6 27. f4 Qe7 28. b4 Rbb8 29. f5 Nd8 30. Rd4 Nf7 31. Rc4 Rb7 32. Rc1 Rfb8 33. h4 gxh4 34. Bxh4 Ne5 35. Rxc7 Rxc7 36. Qxc7 Qxc7 37. Rxc7 Rxb4 38. Re7 d5 39. Kf1 dxe4 40. Bxf6 Ng4 41. Rg7+ 1-0


[Site "http://www.chessbomb.com"]

[Event "Meltwater Champions Chess Tour 2022: Chessable Masters | Prelims"]
[White "Harikrishna, Pentala"]
[Black "Grandelius, Nils"]
[WhiteFideId "5007003"]
[BlackFideId "1710400"]
[WhiteElo "2624"]
[BlackElo "2652"]
[Result "1/2-1/2"]
[Round "05"]
[TimeControl "900+10"]
[Date "2022.05.20"]
[WhiteClock "0:02:37"]
[BlackClock "0:00:32"]

1. d4 Nf6 2. Nf3 g6 3. Nc3 d5 4. Bf4 Bg7 5. e3 O-O 6. Nb5 Na6 7. h3 Ne4 8. Nd2 c6 9. Nxe4 dxe4 10. Nc3 c5 11. Nxe4 cxd4 12. exd4 Nb4 13. Be3 Bxd4 14. a3 Bxe3 15. axb4 Bh6 16. Bd3 Qb6 17. c3 Bf5 18. Nc5 Rfd8 19. Qe2 Bxd3 20. Nxd3 Qb5 21. Rd1 a5 22. O-O axb4 23. Qe4 bxc3 24. bxc3 Rac8 25. Ne5 Bg7 26. Nf3 Bxc3 27. Rxd8+ Rxd8 28. Rb1 Qd5 29. Qxd5 Rxd5 30. Rxb7 e6 31. g4 h6 32. Kg2 Kg7 33. Rc7 Bf6 34. Rc2 Ra5 35. Nd2 Bg5 36. Ne4 Bf4 37. Rb2 g5 38. Rb7 Kg6 39. Rb2 Ra4 40. Kf3 Ra1 41. Kg2 Re1 42. Nc5 Rd1 43. Ne4 Rd4 44. Kf3 h5 45. Ra2 Rd3+ 46. Kg2 Rd4 47. Kf3 Rb4 48. Ra8 Rb3+ 49. Kg2 hxg4 50. hxg4 Kg7 51. Ra5 Rb4 52. Kf3 Rb3+ 53. Kg2 Rb4 54. Kf3 Kg6 55. Ra8 Bb8 56. Ra5 Rb3+ 57. Kg2 Bf4 58. Ra8 Kg7 59. Ra5 1/2-1/2


[Site "http://www.chessbomb.com"]

[Event "Meltwater Champions Chess Tour 2022: Chessable Masters | Prelims"]
[White "Jones, Gawain C B"]
[Black "Tari, Aryan"]
[WhiteFideId "409561"]
[BlackFideId "1510045"]
[WhiteElo "2630"]
[BlackElo "2531"]
[Result "1/2-1/2"]
[Round "05"]
[TimeControl "900+10"]
[Date "2022.05.20"]
[WhiteClock "0:02:49"]
[BlackClock "0:00:44"]

1. e4 c6 2. d4 d5 3. e5 Bf5 4. g4 Be4 5. f3 Bg6 6. e6 Qd6 7. exf7+ Bxf7 8. Nc3 Nd7 9. f4 g5 10. Nh3 gxf4 11. Bxf4 e5 12. dxe5 Nxe5 13. Qe2 Bg7 14. Bg2 Ne7 15. O-O-O O-O 16. Ne4 Qb4 17. Nf6+ Bxf6 18. Bxe5 Bxe5 19. Qxe5 Ng6 20. Qg3 Be6 21. Bf3 Rxf3 22. Qxf3 Bxg4 23. Qe3 Bxd1 24. Qe6+ Kg7 25. Rxd1 Qe7 26. Qg4 Kg8 27. Ng5 Rf8 28. h4 Rf4 29. Qc8+ Nf8 30. Kb1 Qe2 31. Rc1 Rf1 32. b3 Rxc1+ 33. Kxc1 h6 34. Qxb7 hxg5 35. hxg5 Qe3+ 36. Kb1 Qb6 37. Qe7 Qg1+ 38. Kb2 Qd4+ 39. Kb1 a5 40. a4 Qd1+ 41. Kb2 Qd4+ 42. Kb1 Qc3 43. Qc7 c5 44. Qd6 Qd4 45. Qb6 Qc3 46. Qd6 Qd4 47. Qb6 Qd1+ 48. Kb2 c4 49. bxc4 dxc4 50. Qxa5 Qd4+ 51. Qc3 Qd5 52. Qf6 Qa5 53. g6 Qb4+ 54. Kc1 Qe1+ 55. Kb2 Qb4+ 56. Kc1 Qe1+ 57. Kb2 Qb4+ 1/2-1/2


[Site "http://www.chessbomb.com"]

[Event "Meltwater Champions Chess Tour 2022: Chessable Masters | Prelims"]
[White "Anton Guijarro, David"]
[Black "Giri, Anish"]
[WhiteFideId "2285525"]
[BlackFideId "24116068"]
[WhiteElo "2633"]
[BlackElo "2730"]
[Result "1/2-1/2"]
[Round "05"]
[TimeControl "900+10"]
[Date "2022.05.20"]
[WhiteClock "0:00:37"]
[BlackClock "0:00:50"]

1. e4 c5 2. Nf3 d6 3. c3 Nf6 4. Be2 g6 5. O-O Bg7 6. Bb5+ Bd7 7. Bxd7+ Nbxd7 8. Qe2 O-O 9. d4 cxd4 10. cxd4 Nb6 11. Nc3 Rc8 12. Rd1 Qc7 13. a4 Qc4 14. Qc2 d5 15. a5 Nbd7 16. e5 Ne4 17. Ra3 Rc6 18. Qb1 Rfc8 19. h4 Bf8 20. Rd3 e6 21. Ra1 Bb4 22. Nd2 Nxc3 23. bxc3 Qa6 24. Bb2 Bxc3 25. Bxc3 Rxc3 26. Rxc3 Rxc3 27. Nf3 Qc6 28. Kh2 h6 29. Qb4 Rc2 30. Kg3 Qa6 31. Re1 Nf8 32. Qb3 Rc7 33. Qe3 Kh7 34. Qd2 Qc4 35. Qf4 Qc2 36. Qf6 Rd7 37. Re3 Kg8 38. Qf4 Kg7 39. Qf6+ Kg8 40. Qf4 Kg7 41. Qf6+ Kg8 1/2-1/2


[Site "http://www.chessbomb.com"]

[Event "Meltwater Champions Chess Tour 2022: Chessable Masters | Prelims"]
[White "Ding, Liren"]
[Black "Wei, Yi"]
[WhiteFideId "8603677"]
[BlackFideId "8603405"]
[WhiteElo "2836"]
[BlackElo "2752"]
[Result "1/2-1/2"]
[Round "05"]
[TimeControl "900+10"]
[Date "2022.05.20"]
[WhiteClock "0:10:51"]
[BlackClock "0:08:32"]

1. c4 Nf6 2. Nf3 e6 3. g3 d5 4. Bg2 Be7 5. O-O O-O 6. d4 dxc4 7. Qc2 a6 8. a4 Bd7 9. Qxc4 Bc6 10. Bf4 Bd6 11. Qc1 a5 12. Bd2 Qe7 13. Nc3 Na6 14. Qb1 Bb4 15. Re1 Bxf3 16. Bxf3 Rad8 17. Qc2 Rxd4 18. Bxb7 Nc5 19. Bf3 Nb3 20. Qxb3 Rxd2 21. Red1 Rfd8 22. Rxd2 Rxd2 23. Rd1 Qd8 24. Rxd2 Qxd2 25. e3 g5 26. Ne4 Nxe4 27. Bxe4 Kg7 28. Qc2 Qxc2 29. Bxc2 h6 30. b3 Kf6 31. Bd3 Kg7 32. Bc2 Kf6 33. Bd3 Kg7 34. Bc2 1/2-1/2


[Site "http://www.chessbomb.com"]

[Event "Meltwater Champions Chess Tour 2022: Chessable Masters | Prelims"]
[White "Hansen, Eric"]
[Black "Vidit, Santosh Gujrathi"]
[WhiteFideId "2606771"]
[BlackFideId "5029465"]
[WhiteElo "2579"]
[BlackElo "2617"]
[Result "1-0"]
[Round "05"]
[TimeControl "900+10"]
[Date "2022.05.20"]
[WhiteClock "0:02:14"]
[BlackClock "0:00:04"]

1. e4 e5 2. Nf3 Nc6 3. Bb5 Nf6 4. d3 Bc5 5. O-O Nd4 6. Nxd4 Bxd4 7. Nd2 O-O 8. Nf3 Bb6 9. h3 c6 10. Ba4 d6 11. Bb3 Re8 12. Re1 Be6 13. c3 Bxb3 14. Qxb3 h6 15. a4 Qc7 16. Nh4 d5 17. Qd1 Re6 18. Nf5 Bc5 19. Qf3 Bf8 20. Be3 Kh7 21. b4 g6 22. Ng3 a5 23. Reb1 axb4 24. cxb4 Kg7 25. a5 Qd7 26. Rb3 Kg8 27. Rc1 Bg7 28. Rcb1 h5 29. Ne2 Ree8 30. Bc5 Qe6 31. Nc3 dxe4 32. dxe4 Qc4 33. Bb6 Nd7 34. Na4 Qb5 35. Rd1 Nxb6 36. Nxb6 Rad8 37. Nd7 Qc4 38. Rbd3 Qxb4 39. Nxe5 Bxe5 40. Rxd8 Rxd8 41. Rxd8+ Kg7 42. g3 Qxa5 43. Rd7 Qa2 44. Rxb7 c5 45. Qb3 Qxb3 46. Rxb3 c4 47. Rb6 c3 48. Rc6 h4 49. gxh4 Kh6 50. Kg2 f6 51. Rc8 f5 52. f3 Bd4 53. Rc4 Bf6 54. Rc6 Kg7 55. h5 fxe4 56. h6+ Kf7 57. fxe4 Bd4 58. Kf3 Be5 59. Ke3 1-0


[Site "http://www.chessbomb.com"]

[Event "Meltwater Champions Chess Tour 2022: Chessable Masters | Prelims"]
[White "Mamedyarov, Shakhriyar"]
[Black "Shankland, Sam"]
[WhiteFideId "13401319"]
[BlackFideId "2004887"]
[WhiteElo "2699"]
[BlackElo "2616"]
[Result "1-0"]
[Round "05"]
[TimeControl "900+10"]
[Date "2022.05.20"]
[WhiteClock "0:03:58"]
[BlackClock "0:00:19"]

1. d4 d5 2. c4 c6 3. Nf3 Nf6 4. Nc3 e6 5. Bg5 dxc4 6. e4 b5 7. e5 h6 8. Bh4 g5 9. Nxg5 hxg5 10. Bxg5 Nbd7 11. exf6 Bb7 12. Be2 Nxf6 13. Bf3 Be7 14. Qe2 Qc7 15. g3 O-O-O 16. Bf4 Bd6 17. Bg5 Be7 18. Rd1 Nd5 19. Nxd5 exd5 20. Bxe7 Rde8 21. O-O Qxe7 22. Qd2 Qf6 23. Bg4+ Kb8 24. Rfe1 Reg8 25. f3 Bc8 26. Rf1 Qd6 27. Bxc8 Kxc8 28. Rde1 Rh3 29. Re2 Kb7 30. Rfe1 Kb6 31. f4 a5 32. Re8 Rhh8 33. Rxg8 Rxg8 34. Kg2 b4 35. Re5 f6 36. Re2 Kb5 37. f5 Qd7 38. Re6 Re8 39. Qe2 Rxe6 40. fxe6 Qe7 41. b3 a4 42. h4 axb3 43. axb3 c5 44. bxc4+ dxc4 45. d5 b3 46. Kh2 Kb4 47. d6 Qxd6 48. e7 c3 49. e8=Q c2 50. Q8b5+ Kc3 51. Qe3+ 1-0


[Site "http://www.chessbomb.com"]

[Event "Meltwater Champions Chess Tour 2022: Chessable Masters | Prelims"]
[White "Van Foreest, Jorden"]
[Black "Mishra, Abhimanyu"]
[WhiteFideId "1039784"]
[BlackFideId "30920019"]
[WhiteElo "2645"]
[BlackElo "2524"]
[Result "1-0"]
[Round "05"]
[TimeControl "900+10"]
[Date "2022.05.20"]
[WhiteClock "0:05:14"]
[BlackClock "0:00:20"]

1. e4 c5 2. Nf3 d6 3. Bc4 Nf6 4. Nc3 e6 5. d4 cxd4 6. Qxd4 Nc6 7. Qd3 Be7 8. Bf4 O-O 9. O-O-O Ng4 10. Qe2 Qb6 11. Rhf1 Nge5 12. Bb3 Rd8 13. Be3 Qc7 14. Nd2 Nd7 15. f4 Nc5 16. f5 Bf6 17. fxe6 fxe6 18. Qg4 Nxb3+ 19. Nxb3 Bxc3 20. bxc3 e5 21. Qg3 Be6 22. Bg5 Rf8 23. Rxf8+ Rxf8 24. Qd3 Rf2 25. Qxd6 Qxd6 26. Rxd6 Bxb3 27. axb3 Rxg2 28. h4 Rg4 29. Rd7 h6 30. Bd2 Rxh4 31. Rxb7 Kh7 32. Rc7 Nd8 33. Rxa7 Rxe4 34. b4 h5 35. Rd7 Ne6 36. b5 h4 37. Rd3 Nc5 38. Rh3 Kg6 39. Be3 Nb7 40. Kd2 Kf5 41. Kd3 Rg4 42. b6 Ke6 43. c4 g5 44. Rh1 Rg3 45. Ke2 h3 46. c5 Kd5 47. c4+ Kc6 48. Rf1 Rg2+ 49. Ke1 Nxc5 50. Rf6+ Kb7 51. Bxc5 h2 52. Rf7+ Kc8 53. b7+ Kb8 54. Bd6+ 1-0


[Site "http://www.chessbomb.com"]

[Event "Meltwater Champions Chess Tour 2022: Chessable Masters | Prelims"]
[White "Shankland, Sam"]
[Black "Van Foreest, Jorden"]
[WhiteFideId "2004887"]
[BlackFideId "1039784"]
[WhiteElo "2616"]
[BlackElo "2645"]
[Result "0-1"]
[Round "06"]
[TimeControl "900+10"]
[Date "2022.05.20"]
[WhiteClock "0:00:22"]
[BlackClock "0:02:28"]

1. d4 d5 2. c4 dxc4 3. e3 Nf6 4. Bxc4 e6 5. Nf3 c5 6. O-O a6 7. Nbd2 Nbd7 8. e4 b5 9. e5 bxc4 10. exf6 gxf6 11. Nxc4 Bb7 12. Bf4 Rg8 13. Bg3 Be7 14. Re1 Kf8 15. Rc1 Rg4 16. Nd6 Bd5 17. dxc5 Nxc5 18. Rxc5 Bxd6 19. Rc2 Bb4 20. Nd2 Rd4 21. Qh5 Kg7 22. Rc7 e5 23. Rxe5 Bxd2 24. Ree7 Qg8 25. h3 Re8 26. Red7 Rd8 27. Be5 Re4 28. Bxf6+ Kxf6 29. Qxd5 Re1+ 30. Kh2 Bf4+ 31. g3 Bxc7 32. Qc6+ Re6 33. Qf3+ Kg7 34. Rxc7 Qe8 35. h4 h6 36. h5 Re5 37. Qc3 Kg8 38. Qf3 Qe6 39. Rc6 Qf5 0-1


[Site "http://www.chessbomb.com"]

[Event "Meltwater Champions Chess Tour 2022: Chessable Masters | Prelims"]
[White "Vidit, Santosh Gujrathi"]
[Black "Mamedyarov, Shakhriyar"]
[WhiteFideId "5029465"]
[BlackFideId "13401319"]
[WhiteElo "2617"]
[BlackElo "2699"]
[Result "1/2-1/2"]
[Round "06"]
[TimeControl "900+10"]
[Date "2022.05.20"]
[WhiteClock "0:01:05"]
[BlackClock "0:02:00"]

1. e4 e5 2. Nf3 Nc6 3. Bc4 Bc5 4. O-O Nf6 5. d3 O-O 6. h3 d5 7. exd5 Nxd5 8. Nbd2 a5 9. Ne4 Ba7 10. a4 f6 11. Be3 Kh8 12. Bxa7 Rxa7 13. Re1 Ra8 14. Qd2 Bf5 15. c3 Nb6 16. Bb3 Qc8 17. d4 Rd8 18. Rad1 exd4 19. cxd4 Nd5 20. Bxd5 Rxd5 21. Nc3 Rd7 22. d5 Nb4 23. Nd4 Bg6 24. Ne6 Rd6 25. Qf4 Raa6 26. Nb5 Rxd5 27. Nbxc7 Rxd1 28. Rxd1 Nd3 29. Qg4 Rd6 30. f4 Qd7 31. f5 Ne5 32. Rxd6 Qxd6 33. Qg3 Qd1+ 34. Kh2 Qxa4 35. fxg6 hxg6 36. Qa3 Qxa3 37. bxa3 Nc4 38. Nb5 Kg8 39. Kg3 b6 40. Kf4 Kf7 41. Nec7 Ke7 42. Ke4 Kd7 43. Kd4 Nxa3 44. Nxa3 Kxc7 45. Kd5 g5 46. Nc4 a4 47. Na3 Kd7 48. Nb5 g6 49. Na3 Ke7 50. Nb5 Kd7 51. Na3 Ke7 52. Nc2 b5 53. Kc5 Ke6 54. Kxb5 Ke5 55. Kxa4 Kf4 56. g4 Kg3 57. Kb3 f5 58. gxf5 gxf5 59. Nd4 f4 60. Ne6 f3 61. Nxg5 f2 62. Ne4+ Kxh3 63. Nxf2+ 1/2-1/2


[Site "http://www.chessbomb.com"]

[Event "Meltwater Champions Chess Tour 2022: Chessable Masters | Prelims"]
[White "Wei, Yi"]
[Black "Hansen, Eric"]
[WhiteFideId "8603405"]
[BlackFideId "2606771"]
[WhiteElo "2752"]
[BlackElo "2579"]
[Result "1-0"]
[Round "06"]
[TimeControl "900+10"]
[Date "2022.05.20"]
[WhiteClock "0:07:11"]
[BlackClock "0:00:34"]

1. c4 Nf6 2. Nc3 d5 3. cxd5 Nxd5 4. g3 g6 5. Bg2 Nxc3 6. bxc3 Bg7 7. h4 Nc6 8. h5 Qd7 9. Nf3 b6 10. d4 Bb7 11. e4 O-O-O 12. Be3 e6 13. h6 Bf6 14. O-O Na5 15. Nd2 e5 16. d5 Kb8 17. c4 c5 18. Rb1 Qe7 19. Rb5 Rc8 20. Qa4 Ka8 21. Rfb1 Qd6 22. Bh3 Rc7 23. Nb3 Nxb3 24. axb3 Kb8 25. b4 a6 26. bxc5 axb5 27. cxd6 bxa4 28. dxc7+ Kxc7 29. Bxb6+ Kb8 30. c5 Ka8 31. Ra1 1-0


[Site "http://www.chessbomb.com"]